[Event "Early-Titled-Tuesday-Blitz-October-17-2023"]
[Site "Chess.com"]
[Date "2023.10.17"]
[Round "3"]
[White "Niilo1"]
[Black "CSB7"]
[Result "0-1"]
[WhiteElo "2299"]
[BlackElo "2738"]
[TimeControl "180+1"]
[EndTime "8:27:30 PDT"]
[Termination "CSB7 won by resignation"]

1. e4 d6 2. d4 Nf6 3. Nc3 g6 4. Be3 a6 5. a4 Bg7 6. h3 O-O 7. g4 c5 8. e5 Nfd7 9. f4 cxd4 10. Bxd4 Nc6 11. Bg2 Nxd4 12. Qxd4 dxe5 13. Qb4 exf4 14. Nge2 Qb6 15. Qxb6 Nxb6 16. Nxf4 Nc4 17. O-O-O Bh6 18. Rd4 Ne3 19. Kb1 e5 20. Rb4 Bxf4 21.
Be4 Rb8 22. h4 Bxg4 23. Rg1 b6 24. Nd5 Nxd5 25. Bxd5 Be6 26. Bc6 h5 27. Bf3 Kh7 28.
Re4 b5 29. axb5 axb5 0-1

[Event "Early-Titled-Tuesday-Blitz-October-17-2023"]
[Site "Chess.com"]
[Date "2023.10.17"]
[Round "3"]
[White "chrisclaireredfield"]
[Black "NM_Antelacus"]
[Result "1-0"]
[WhiteElo "2518"]
[BlackElo "2096"]
[TimeControl "180+1"]
[EndTime "8:27:31 PDT"]
[Termination "chrisclaireredfield won by checkmate"]

1. Nf3 Nf6 2. g3 b6 3. Bg2 Bb7 4. O-O e6 5. c4 Be7 6. Nc3 O-O 7. b3 d5 8. e3 c5 9. d3 Nc6 10. Bb2 Rc8 11. Qe2 Qc7 12. Rad1 Rfd8 13. h3 Qb8 14. g4 Bf8 15. g5 Nd7 16. h4 Nde5 17. Nxe5 Nxe5 18.
f4 Ng6 19. h5 Ne7 20. h6 gxh6 21. gxh6 Bxh6 22. Qg4+ Kf8 23. Qh4 Bg7 24. Qxh7 dxc4 25. dxc4 Bxg2 26. Kxg2 Rxd1 27. Nxd1 Bxb2 28. Nxb2 Nf5 29.
Kf2 Rd8 30. Rd1 Rxd1 31. Qh8+ Ke7 32. Qxb8 Rd2+ 33. Ke1 Rxb2 34. Qxa7+ Kf6 35. Qxb6 Nxe3 36. Qxc5 Nc2+ 37. Kd1 Rxa2 38. Qg5# 1-0

[Event "Early-Titled-Tuesday-Blitz-October-17-2023"]
[Site "Chess.com"]
[Date "2023.10.17"]
[Round "3"]
[White "ajgreen"]
[Black "sterpfi"]
[Result "1-0"]
[WhiteElo "2391"]
[BlackElo "2168"]
[TimeControl "180+1"]
[EndTime "8:27:37 PDT"]
[Termination "ajgreen won by checkmate"]

1. e4 c6 2. d4 d5 3. e5 c5 4. dxc5 e6 5. Nf3 Bxc5 6. a3 f6 7. b4 Bb6 8. Bb2 Nc6 9. Bb5 Bd7 10. Bxc6 bxc6 11. O-O c5 12. Nbd2 cxb4 13. axb4 Bb5 14. Re1 Qd7 15. Nb3 Bc4 16. Nbd4 Bxd4 17. Qxd4 Kf7 18.
Ra5 Ne7 19. exf6 Nc6 20. fxg7 Nxd4 21. gxh8=Q Nxf3+ 22.
gxf3 Rxh8 23. Bxh8 Qd8 24. Rxa7+ Kg6 25. Be5 Qg5+ 26.
Bg3 Qf5 27. c3 Qxf3 28. Rxe6+ Kh5 29. Rxh7+ Kg5 30. Rg7+ Kh5 31. h4 Qd1+ 32. Kh2 Qf3 33. Rg5# 1-0

[Event "Early-Titled-Tuesday-Blitz-October-17-2023"]
[Site "Chess.com"]
[Date "2023.10.17"]
[Round "3"]
[White "Khuslen2008"]
[Black "Ranindu2003"]
[Result "0-1"]
[WhiteElo "2301"]
[BlackElo "2773"]
[TimeControl "180+1"]
[EndTime "8:27:41 PDT"]
[Termination "Ranindu2003 won by resignation"]

1. d4 d5 2. c4 e6 3. Nc3 Nf6 4. cxd5 exd5 5. Bg5 Bb4 6. e3 h6 7. Bh4 g5 8. Bg3 Ne4 9. Rc1 h5 10. Bd3 h4 11. Be5 f6 12. Bxe4 dxe4 13. Qc2 Bf5 14. Bxf6 Qxf6 15. Qa4+ Nc6 16. d5 O-O 17. dxc6 a5 18.
cxb7 Rad8 19. Ne2 Bd7 20. Qc2 Qxf2+ 21. Kd1 Ba4+ 22. Nd4 Bxc2+ 23. Rxc2 Qxe3 24. Ne2 c5 25. b8=Q Rxb8 26. Nc6 Rbd8+ 27. Nxd8 Rxd8+ 0-1

[Event "Early-Titled-Tuesday-Blitz-October-17-2023"]
[Site "Chess.com"]
[Date "2023.10.17"]
[Round "3"]
[White "igorkovalenko"]
[Black "Sadykov_Ramil"]
[Result "1-0"]
[WhiteElo "2882"]
[BlackElo "2604"]
[TimeControl "180+1"]
[EndTime "8:27:42 PDT"]
[Termination "igorkovalenko won on time"]

1. c4 e6 2. g3 Nf6 3. Bg2 d5 4. Nf3 Be7 5. O-O O-O 6. d4 c6 7. Qc2 Nbd7 8. Nbd2 b6 9. e4 Ba6 10. Re1 dxe4 11. Nxe4 Nxe4 12. Rxe4 c5 13. dxc5 Bxc5 14.
Bg5 Qc8 15. Rd1 h6 16. Bxh6 f5 17. Rxe6 gxh6 18. Qc3 Kh7 19. b4 Bxc4 20. Ree1 Nf6 21. bxc5 Qxc5 22. Re5 Qc7 23. Rxf5 Ne4 24. Qe5 Qxe5 25.
Rxe5 Nf6 26. Re7+ Rf7 27. Rxf7+ Bxf7 28. Ng5+ hxg5 29. Bxa8 Bxa2 30. Ra1 Bd5 31. Rxa7+ 1-0

[Event "Early-Titled-Tuesday-Blitz-October-17-2023"]
[Site "Chess.com"]
[Date "2023.10.17"]
[Round "3"]
[White "temiksmozg"]
[Black "Kotofeyca"]
[Result "0-1"]
[WhiteElo "2591"]
[BlackElo "2446"]
[TimeControl "180+1"]
[EndTime "8:27:44 PDT"]
[Termination "Kotofeyca won by resignation"]

1. e4 c5 2. Nf3 d6 3. d4 cxd4 4. Nxd4 Nf6 5. Nc3 a6 6. Be2 e5 7. Nb3 Be7 8. Be3 O-O 9. g4 Be6 10. g5 Nfd7 11. h4 Nb6 12. Nd5 Nxd5 13. exd5 Bf5 14. c4 Nd7 15. Bg4 Bxg4 16. Qxg4 Rc8 17. h5 a5 18. g6 Nf6 19. gxh7+ Kh8 20. Qf5 Rxc4 21. Rd1 a4 22. Nd2 Rg4 23. Bg5 Qc8 24. Qxc8 Rxc8 25. Bxf6 Bxf6 26. Ke2 Rd4 27. b3 Rc2 28.
Rhg1 Rxd5 29. bxa4 Rxa2 30. Ke3 Ra3+ 31. Ke2 Rxa4 32.
Nf3 Re4+ 0-1

[Event "Early-Titled-Tuesday-Blitz-October-17-2023"]
[Site "Chess.com"]
[Date "2023.10.17"]
[Round "3"]
[White "eightbyeightchess"]
[Black "profedechess93"]
[Result "0-1"]
[WhiteElo "2434"]
[BlackElo "2610"]
[TimeControl "180+1"]
[EndTime "8:27:45 PDT"]
[Termination "profedechess93 won by checkmate"]

1. e4 e6 2. d4 d5 3. Nd2 Be7 4. e5 c5 5. c3 Nc6 6. Ngf3 cxd4 7. cxd4 Qb6 8. Nb3 f6 9. exf6 Nxf6 10. Bd3 O-O 11. O-O Bd6 12. Re1 Bd7 13. Bg5 Qc7 14.
Rc1 Ng4 15. h3 Bh2+ 16. Kf1 Nxf2 17. Kxf2 Qg3+ 18. Kf1 Qxg5 19. Nc5 Nxd4 20. Bxh7+ Kxh7 21. Qxd4 Bb5+ 22. Nd3 Rf4 23. Qe3 Raf8 24. Re2 Rxf3+ 25. gxf3 Rxf3+ 26. Qxf3 Qg1# 0-1

[Event "Early-Titled-Tuesday-Blitz-October-17-2023"]
[Site "Chess.com"]
[Date "2023.10.17"]
[Round "3"]
[White "Keeper0416"]
[Black "ExcitingTrap"]
[Result "1-0"]
[WhiteElo "2595"]
[BlackElo "2408"]
[TimeControl "180+1"]
[EndTime "8:27:46 PDT"]
[Termination "Keeper0416 won by resignation"]

1. h3 d5 2. d4 Nf6 3. Nf3 c5 4.
c3 Nc6 5. Bf4 Qb6 6. Qb3 c4 7.
Qxb6 axb6 8. Na3 Ra5 9. Nc2 h6 10. g4 Rb5 11. Na3 Ra5 12. Ne5 h5 13. g5 Ne4 14. f3 Nd6 15. e4 Nxe5 16. dxe5 Nb5 17. Nxb5 Rxb5 18. b4 dxe4 19. Bxc4 Bd7 20. a4 1-0

[Event "Early-Titled-Tuesday-Blitz-October-17-2023"]
[Site "Chess.com"]
[Date "2023.10.17"]
[Round "3"]
[White "emeli_chess"]
[Black "JiiHart"]
[Result "1/2-1/2"]
[WhiteElo "2400"]
[BlackElo "2201"]
[TimeControl "180+1"]
[EndTime "8:27:52 PDT"]
[Termination "Game drawn by repetition"]

1. d4 d5 2. c4 c5 3. cxd5 Qxd5 4. Nf3 cxd4 5. Nc3 Qd8 6. Nxd4 a6 7. g3 Nf6 8. Bg2 e5 9. Nb3 Qxd1+ 10. Nxd1 Bb4+ 11. Nc3 O-O 12. Bd2 Nc6 13. a3 Be7 14. O-O Be6 15. Nc1 Rac8 16. b4 b5 17. Ne4 Rfd8 18. Bg5 Nxe4 19. Bxe7 Nxe7 20. Bxe4 Bd5 21. Bxd5 Nxd5 22. Nd3 Nc3 23. Nxe5 Nxe2+ 24. Kg2 f6 25. Nf3 Nd4 26. Nxd4 Rxd4 27. Rfd1 Rxd1 28. Rxd1 Rc3 29. a4 bxa4 30. Rd6 Rb3 31. Rxa6 Rxb4 32. Ra7 h5 33. h4 Kh7 34. Kf3 Kg6 35. Ke3 Rb3+ 36. Kf4 a3 37. f3 Rb4+ 38. Ke3 Rb3+ 39. Kf4 Rb4+ 40. Ke3 Rb3+ 41. Kf4 1/2-1/2

[Event "Early-Titled-Tuesday-Blitz-October-17-2023"]
[Site "Chess.com"]
[Date "2023.10.17"]
[Round "3"]
[White "SaqoChess_Twitch"]
[Black "Irina_Mikhaylova"]
[Result "1-0"]
[WhiteElo "2616"]
[BlackElo "2302"]
[TimeControl "180+1"]
[EndTime "8:27:54 PDT"]
[Termination "SaqoChess_Twitch won by resignation"]

1. d4 Nf6 2. c4 g6 3. Nc3 d5 4.
cxd5 Nxd5 5. e4 Nxc3 6. bxc3 Bg7 7. Nf3 c5 8. Rb1 O-O 9. Be2 Nc6 10. d5 Ne5 11.
Nxe5 Bxe5 12. c4 Qa5+ 13. Bd2 Qxa2 14. O-O Qa6 15. f4 Bd4+ 16. Kh1 f6 17. f5 Qd6 18. Rb3 Be5 19. Rh3 Rf7 20. Bg4 a5 21. fxg6 hxg6 22. Bxc8 Rxc8 23. Qg4 Qd8 24. Qxg6+ Rg7 25.
Qh5 Qe8 26. Qh8+ Kf7 27. Qh5+ Kg8 28. Qh4 Qg6 29. g3 Rh7 30. Qxh7+ Qxh7 31. Rxh7 Kxh7 32.
Bxa5 Ra8 33. Bb6 Ra4 34. Rc1 Bd4 35. Bd8 Kg6 36. Bxe7 f5 37. d6 Bf6 38. exf5+ Kf7 39. Bxf6 Kxf6 40. d7 Ra8 41. Rb1 Kxf5 42. Rxb7 Ke4 43.
Rc7 Rd8 44. Rxc5 Rxd7 45. Kg2 Rd2+ 46. Kh3 Kd4 47. Rd5+ 1-0

[Event "Early-Titled-Tuesday-Blitz-October-17-2023"]
[Site "Chess.com"]
[Date "2023.10.17"]
[Round "3"]
[White "Aswathchess"]
[Black "Mystery2007"]
[Result "1-0"]
[WhiteElo "2649"]
[BlackElo "2456"]
[TimeControl "180+1"]
[EndTime "8:27:57 PDT"]
[Termination "Aswathchess won by resignation"]

1. Nf3 c5 2. e4 e6 3. d4 cxd4 4. Nxd4 Nc6 5. Nc3 Qc7 6. Be3 a6 7. Nxc6 bxc6 8. g4 d5 9. Qf3 Bb4 10. a3 Bd6 11. O-O-O Ne7 12. Bd3 Rb8 13. exd5 cxd5 14.
Bd4 e5 15. Be3 d4 16. Ne4 Bxa3 17. bxa3 dxe3 18. Nd6+ Kd7 19. Bf5+ Nxf5 20. Nb5+ Nd6 21. Qxf7+ Kc6 22. Qxc7+ Kxb5 23. Rxd6 1-0

[Event "Early-Titled-Tuesday-Blitz-October-17-2023"]
[Site "Chess.com"]
[Date "2023.10.17"]
[Round "3"]
[White "andrzej"]
[Black "Aygehovit1992"]
[Result "0-1"]
[WhiteElo "2465"]
[BlackElo "2691"]
[TimeControl "180+1"]
[EndTime "8:28:00 PDT"]
[Termination "Aygehovit1992 won by checkmate"]

1. e4 c5 2. Nf3 d6 3. d4 cxd4 4. Nxd4 Nf6 5. Nc3 g6 6. Be3 Nc6 7. f3 h5 8. Bc4 Bg7 9. Qd2 Bd7 10. O-O Ne5 11. Bb3 Rc8 12. Qe2 h4 13. Rad1 h3 14. g3 Qa5 15. Kh1 a6 16. Qd2 Nc4 17. Bxc4 Rxc4 18. Nde2 Bc6 19. Qe1 O-O 20. Qf2 Rc8 21. a3 Qe5 22. Bd4 Qh5 23. b3 Nxe4 24. fxe4 Bxd4 25.
Qxf7+ Kh8 26. Rxd4 Bxe4+ 27. Nxe4 Qxe2 28. Rxc4 Qg2# 0-1

[Event "Early-Titled-Tuesday-Blitz-October-17-2023"]
[Site "Chess.com"]
[Date "2023.10.17"]
[Round "3"]
[White "fu24"]
[Black "AsadliVugar"]
[Result "0-1"]
[WhiteElo "2659"]
[BlackElo "2889"]
[TimeControl "180+1"]
[EndTime "8:28:02 PDT"]
[Termination "AsadliVugar won by resignation"]

1. d4 Nf6 2. Bg5 e6 3. e4 h6 4. Bxf6 Qxf6 5. c3 d5 6. e5 Qd8 7. Nf3 c5 8. Bd3 Nc6 9. dxc5 Bxc5 10. O-O O-O 11. Nbd2 Bb6 12. Qe2 f6 13. Rae1 Bc7 14.
exf6 Qxf6 15. c4 Qxb2 16. Rb1 Qf6 17. Rfe1 a5 18. Nb3 Nb4 19. Nbd4 e5 20. Nb5 Bb6 21. cxd5 Nxd3 22. Qxd3 Bf5 23. Qb3 e4 24. Nd2 e3 25.
d6+ Kh8 26. fxe3 Bxb1 27. Rf1 Qe5 28. Nxb1 Bxe3+ 0-1

[Event "Early-Titled-Tuesday-Blitz-October-17-2023"]
[Site "Chess.com"]
[Date "2023.10.17"]
[Round "3"]
[White "Lion_DL"]
[Black "kritipatel"]
[Result "0-1"]
[WhiteElo "2459"]
[BlackElo "2128"]
[TimeControl "180+1"]
[EndTime "8:28:03 PDT"]
[Termination "kritipatel won by checkmate"]

1. d4 d5 2. c4 e6 3. Nc3 Nf6 4. cxd5 exd5 5. Bg5 Be7 6. e3 O-O 7. Qc2 Nbd7 8. Bd3 c6 9. Nf3 Re8 10. O-O Nf8 11. h3 h6 12. Bh4 Ne4 13. Bxe7 Qxe7 14.
Nd2 f5 15. Rab1 Ng6 16. b4 Nh4 17. Ne2 Qg5 18. Nf4 Nxd2 19. Rbd1 Ne4 20. Be2 Bd7 21. a4 Ng6 22. Nd3 f4 23. exf4 Nxf4 24. Nxf4 Qxf4 25.
b5 Ng5 26. Rfe1 Rf8 27. Bf1 Rac8 28. Qb2 cxb5 29. axb5 Bf5 30. Qb3 Bxh3 31. gxh3 Nf3+ 32. Kg2 Qh2# 0-1

[Event "Early-Titled-Tuesday-Blitz-October-17-2023"]
[Site "Chess.com"]
[Date "2023.10.17"]
[Round "3"]
[White "Misticpikachu"]
[Black "Fonsofan"]
[Result "0-1"]
[WhiteElo "2459"]
[BlackElo "2672"]
[TimeControl "180+1"]
[EndTime "8:28:04 PDT"]
[Termination "Fonsofan won by resignation"]

1. c4 b6 2. Nf3 Bb7 3. Nc3 Nf6 4. g3 e6 5. Bg2 c5 6. O-O d5 7. cxd5 Nxd5 8. Nxd5 Bxd5 9. d4 Nc6 10. b3 Be7 11. Bb2 Bf6 12. Qd2 cxd4 13. Rfd1 e5 14. e3 O-O 15.
exd4 exd4 16. Rac1 Rc8 17. Bxd4 Bxf3 18. Bxf6 Qxd2 19.
Rxd2 Bxg2 20. Bxg7 Kxg7 21. Kxg2 Rcd8 22. Re2 Nb4 23. Rc7 a5 24. Rb7 Rd6 25. a3 Nd3 26. Re4 Rf6 27. f4 Nc5 0-1

[Event "Early-Titled-Tuesday-Blitz-October-17-2023"]
[Site "Chess.com"]
[Date "2023.10.17"]
[Round "3"]
[White "Me_ch_an"]
[Black "Polish_fighter3000"]
[Result "0-1"]
[WhiteElo "2362"]
[BlackElo "3036"]
[TimeControl "180+1"]
[EndTime "8:28:06 PDT"]
[Termination "Polish_fighter3000 won on time"]

1. e4 a5 2. Nf3 h5 3. d4 e6 4. Be2 a4 5. a3 c6 6. Nc3 d5 7.
exd5 exd5 8. O-O Bd6 9. Re1 f6 10. Bd3+ Kf7 11. Nh4 Ne7 12. Qf3 Bg4 13. Qe3 g5 14.
Nf3 Qc8 15. Be2 Nf5 16. Qd3 Ng7 17. Bxg5 fxg5 18. Nxg5+ Kf6 19. Bxg4 hxg4 20. Nge4+ dxe4 21. Nxe4+ Ke7 22. Ng5+ Kd7 23. Qg6 Bxh2+ 24. Kf1 Qf8 25. Nf7 Rh5 26. Qxg4+ Kc7 27. Ng5 Rh6 28. Nf3 Bd6 29.
g3 Nd7 30. Kg2 Nf6 31. Qg5 Rh5 32. Qd2 Nf5 33. c4 Nxg3 34. fxg3 Bxg3 35. Rh1 Qg7 36.
Rxh5 Bf4+ 0-1

[Event "Early-Titled-Tuesday-Blitz-October-17-2023"]
[Site "Chess.com"]
[Date "2023.10.17"]
[Round "3"]
[White "szachmistrz2500"]
[Black "DanielTitichoca"]
[Result "0-1"]
[WhiteElo "2405"]
[BlackElo "2573"]
[TimeControl "180+1"]
[EndTime "8:28:06 PDT"]
[Termination "DanielTitichoca won by resignation"]

1. Nf3 d6 2. g3 e5 3. Bg2 f5 4. d3 Nf6 5. O-O c6 6. Nbd2 Be7 7. e4 O-O 8. c3 Qe8 9. b4 Qh5 10. Nh4 Qxd1 11. Rxd1 f4 12. gxf4 exf4 13. Nhf3 Bg4 14.
Re1 Nbd7 15. d4 a5 16. bxa5 Rxa5 17. Nb3 Rh5 18. Ba3 Rf7 19. h3 Bxf3 20. Bxf3 Rxh3 21. Kg2 Rh6 22. c4 g5 23. Bd1 g4 24. Bc2 f3+ 25. Kg1 Nh5 26. e5 dxe5 27. Bxe7 Rxe7 28. Bf5 Nf4 29. Nc1 Nh3+ 30. Kh2 Nxf2+ 31. Kg3 Nh1+ 32. Kxg4 f2 33. Rf1 Nf6+ 34. Kf3 e4+ 35. Ke3 Rg7 36. Ne2 Ng3 37. Nxg3 Rxg3+ 38. Kf4 Rf3+ 39. Kg5 Kg7 40. Bg4 Rg6+ 0-1

[Event "Early-Titled-Tuesday-Blitz-October-17-2023"]
[Site "Chess.com"]
[Date "2023.10.17"]
[Round "3"]
[White "MasterKroket"]
[Black "Zurability"]
[Result "1-0"]
[WhiteElo "2553"]
[BlackElo "2739"]
[TimeControl "180+1"]
[EndTime "8:28:07 PDT"]
[Termination "MasterKroket won by resignation"]

1. e4 c5 2. Nf3 d6 3. d4 cxd4 4. Nxd4 Nf6 5. Nc3 g6 6. Be3 a6 7. f3 Nbd7 8. Qd2 Bg7 9. O-O-O b5 10. Bh6 Bxh6 11. Qxh6 Bb7 12. g4 Rc8 13. Nce2 Ne5 14. g5 Nh5 15. Ng3 Nf4 16. Qg7 Rf8 17. Nge2 Ne6 18.
Nxe6 fxe6 19. Nd4 Rf7 20. Qg8+ Kd7 21. Qxd8+ Rxd8 22. Bh3 Rxf3 23. Bxe6+ Kc7 24. Bd5 Bc8 25. Nxf3 Nxf3 26. h4 Bg4 27. Rdf1 e6 28. Bb3 Rf8 29. Rf2 Rf4 30. Rhf1 Kd7 31. c3 e5 32. Bd1 Nh2 33.
Rxf4 exf4 34. Rxf4 Bxd1 35. Kxd1 Ke6 1-0

[Event "Early-Titled-Tuesday-Blitz-October-17-2023"]
[Site "Chess.com"]
[Date "2023.10.17"]
[Round "3"]
[White "ChainedDowntohell"]
[Black "YouJustFoundYourGodfather"]
[Result "1-0"]
[WhiteElo "2464"]
[BlackElo "2602"]
[TimeControl "180+1"]
[EndTime "8:28:07 PDT"]
[Termination "ChainedDowntohell won by resignation"]

1. d4 g6 2. c4 Bg7 3. Nc3 d6 4. Nf3 a6 5. e4 c6 6. h3 b5 7.
Be3 bxc4 8. Bxc4 Nf6 9. Be2 O-O 10. Qc2 Nbd7 11. O-O e5 12. dxe5 dxe5 13. Na4 Rb8 14. b3 Bb7 15. Nc5 Nxc5 16. Bxc5 Re8 17. Rfd1 Nd7 18.
Bc4 Bf6 19. Rd6 Qc8 20. Rad1 Rd8 21. Bxf7+ Kxf7 22. Qc4+ Kg7 23. Qe6 Kh6 24. Be3+ Kg7 25. Rxd7+ Rxd7 26. Rxd7+ 1-0

[Event "Early-Titled-Tuesday-Blitz-October-17-2023"]
[Site "Chess.com"]
[Date "2023.10.17"]
[Round "3"]
[White "N4700000"]
[Black "HamedWafa4"]
[Result "1-0"]
[WhiteElo "2467"]
[BlackElo "2604"]
[TimeControl "180+1"]
[EndTime "8:28:07 PDT"]
[Termination "N4700000 won by resignation"]

1. e4 e5 2. Nf3 Nc6 3. Bc4 Bc5 4. c3 Nf6 5. d4 exd4 6. cxd4 Bb4+ 7.
Nbd2 Nxe4 8. d5 Ne7 9. O-O Nxd2 10. Bxd2 Bxd2 11. Qxd2 d6 12. Rfe1 O-O 13. Rac1 Ng6 14. h3 c5 15. dxc6 bxc6 16. Bb3 Bb7 17. Nd4 Rc8 18.
Nf5 d5 19. Qd4 f6 20. Qxa7 Qd7 21. Nd4 Ne5 22. Bc2 g6 23. Qc5 Rce8 24. Re3 Nc4 25. Rxe8 Rxe8 26. Bb3 Ne5 27. Rc3 Kg7 28. a4 Ra8 29. a5 Qc7 30. Ne6+ 1-0

[Event "Early-Titled-Tuesday-Blitz-October-17-2023"]
[Site "Chess.com"]
[Date "2023.10.17"]
[Round "3"]
[White "MMAHDI2013"]
[Black "zimmm36"]
[Result "0-1"]
[WhiteElo "2479"]
[BlackElo "2716"]
[TimeControl "180+1"]
[EndTime "8:28:08 PDT"]
[Termination "zimmm36 won by resignation"]

1. c4 e5 2. Nc3 Bb4 3. Nd5 Be7 4. Nf3 d6 5. b3 Nf6 6. Nxe7 Qxe7 7. Bb2 Bg4 8. g3 Bxf3 9. exf3 Nc6 10. Bg2 Nd4 11.
Bxd4 exd4+ 12. Qe2 Qxe2+ 13. Kxe2 Kd7 14. Kd3 c5 15. f4 Rab8 16. a4 d5 17. cxd5 Kd6 18.
b4 cxb4 19. Kxd4 Rbc8 20. Rhc1 a5 21. Rab1 Nd7 22. Bh3 Rxc1 23. Rxc1 Nb6 24. Ra1 g6 25. Bg2 Rc8 26. Be4 Rc4+ 27. Kd3 f5 28. Bf3 Rc5 29. Re1 Nxd5 30. Bxd5 Rxd5+ 31. Kc2 b5 32. axb5 Rxb5 33. Re8 b3+ 34. Kb2 a4 35. Ra8 Rb4 36. Ra5 Ke6 37.
h3 Kf7 38. h4 Kg7 39. f3 Kh6 40. Ra7 Rc4 41. Ka3 Rd4 42. Rb7 Rxd2 43. Kxa4 b2 44. Ka3 Rd3+ 45. Kxb2 Rxf3 46. Kc2 Rxg3 47. Kd2 Rg4 48. Ke3 Rxh4 49. Kf3 Rh3+ 50. Kf2 Ra3 51. Kg2 Kh5 52. Rxh7+ Kg4 53. Rg7 Ra6 54. Kf2 Kxf4 55. Kg2 g5 0-1

[Event "Early-Titled-Tuesday-Blitz-October-17-2023"]
[Site "Chess.com"]
[Date "2023.10.17"]
[Round "3"]
[White "Baku_Boulevard"]
[Black "suyu28"]
[Result "0-1"]
[WhiteElo "3002"]
[BlackElo "2734"]
[TimeControl "180+1"]
[EndTime "8:28:09 PDT"]
[Termination "suyu28 won by resignation"]

1. e4 c5 2. Nf3 d6 3. Nc3 a6 4. g3 Nf6 5. e5 dxe5 6. Nxe5 Qc7 7. d4 e6 8. Bf4 Qb6 9. Nc4 Qc6 10. Rg1 cxd4 11. Qxd4 Bc5 12. Nd6+ Ke7 13. Nxc8+ Rxc8 14.
Qd2 Ne4 15. Nxe4 Qxe4+ 16. Be2 Rd8 17. Qc1 Nc6 18. c3 Rac8 19. Qb1 Qxb1+ 20. Rxb1 h6 21.
Rd1 Rxd1+ 22. Bxd1 Bd6 23. Be3 Ne5 24. Ke2 Nc4 25.
Bc1 b5 26. h4 Be5 27. f4 Bf6 28. h5 b4 29. cxb4 Nxb2 30. Bb3 Nc4 31. g4 Bc3 32. a3 a5 33. Bxc4 Rxc4 34. Kd3 Rc8 35. b5 a4 36. Be3 Ba5 37. b6 Rc3+ 38. Ke4 Rxe3+ 39. Kd4 Bxb6+ 40. Kc4 Re4+ 41. Kb5 Bxg1 0-1

[Event "Early-Titled-Tuesday-Blitz-October-17-2023"]
[Site "Chess.com"]
[Date "2023.10.17"]
[Round "3"]
[White "js20000"]
[Black "SlavenPastar"]
[Result "1-0"]
[WhiteElo "2882"]
[BlackElo "2656"]
[TimeControl "180+1"]
[EndTime "8:28:15 PDT"]
[Termination "js20000 won on time"]

1. Nf3 b6 2. e4 Bb7 3. Nc3 e6 4. d4 Bb4 5. Nd2 c5 6. a3 Bxc3 7.
bxc3 Nf6 8. e5 Ne4 9. Qg4 Qg5 10. Qxg5 Nxg5 11. Nc4 Ne4 12. f3 d5 13. exd6 Nxc3 14. dxc5 bxc5 15. Bb2 Nd5 16. Bxg7 Rg8 17. Be5 Nd7 18.
Bg3 f5 19. Na5 Rb8 20. Rb1 Ba8 21. Rxb8+ Nxb8 22. Bb5+ Nd7 23. O-O f4 24. Bf2 Ne3 25. Bxe3 fxe3 26. Kh1 Rg5 27. Re1 Rd5 28. Nc4 Kd8 29.
Kg1 Nb6 30. Nxb6 axb6 31. d7 Rd6 32. Rxe3 Bc6 33. Bxc6 Rxc6 34. Re5 Rd6 35. Kf2 Rd2+ 36. Re2 Rd6 37. Ke3 Kxd7 38. Rd2 Rd5 39. c4 Rxd2 40.
Kxd2 Kd6 41. f4 e5 42. Ke3 exf4+ 43. Kxf4 Kc6 44. a4 1-0

[Event "Early-Titled-Tuesday-Blitz-October-17-2023"]
[Site "Chess.com"]
[Date "2023.10.17"]
[Round "3"]
[White "Nuvas"]
[Black "Alphafischer2019"]
[Result "1-0"]
[WhiteElo "2819"]
[BlackElo "2595"]
[TimeControl "180+1"]
[EndTime "8:28:15 PDT"]
[Termination "Nuvas won by checkmate"]

1. d4 Nf6 2. c4 g6 3. Nc3 d5 4. Nf3 Bg7 5. Bg5 Ne4 6. Bf4 Nxc3 7. bxc3 c5 8. e3 O-O 9. cxd5 Qxd5 10. Be2 b6 11.
Ne5 Bxe5 12. Bxe5 Bb7 13. Bf3 Qd7 14. dxc5 Qxd1+ 15. Rxd1 Bxf3 16. gxf3 bxc5 17. Ke2 Nc6 18. Rd5 Nxe5 19. Rxe5 Rfc8 20. Rxe7 a5 21. Rb1 Rab8 22. Rbb7 Rxb7 23. Rxb7 c4 24. a4 h5 25. Rb5 h4 26. Rxa5 h3 27. Rb5 Rd8 28. Rb4 Rc8 29. a5 Ra8 30. Ra4 Ra6 31. f4 Kg7 32. e4 f5 33. e5 Kf7 34. Ke3 g5 35. fxg5 Ke6 36. Kd4 f4 37. Ke4 f3 38. g6 Ke7 39. Kf5 Kf8 40.
Rxc4 Rxa5 41. Rc8+ Ke7 42. g7 Kd7 43. Rb8 Ke7 44.
g8=Q Ra6 45. Rb7# 1-0

[Event "Early-Titled-Tuesday-Blitz-October-17-2023"]
[Site "Chess.com"]
[Date "2023.10.17"]
[Round "3"]
[White "angryspacevoid"]
[Black "nitpicker"]
[Result "1-0"]
[WhiteElo "2507"]
[BlackElo "2254"]
[TimeControl "180+1"]
[EndTime "8:28:17 PDT"]
[Termination "angryspacevoid won on time"]

1. e4 c5 2. Ke2 d5 3. d3 Nc6 4. c3 Nf6 5. f3 e5 6. h3 Be7 7. g4 O-O 8. Nd2 b6 9. Kf2 Bb7 10. Ne2 Qd7 11. Ng3 dxe4 12. Ndxe4 Nxe4+ 13. fxe4 Bh4 14. Kg2 g6 15. Be2 f5 16. gxf5 gxf5 17. Bf3 Bxg3 18. Kxg3 Kh8 19. Kh2 Rad8 20. Bg5 Rde8 21.
Bh6 Rf6 22. Qd2 Ree6 23. Bg5 Rg6 24. exf5 Qf7 25. fxg6 Qxf3 26. Raf1 Qh5 27. Rf8+ Kg7 28. Rf7+ Kxg6 29. Rxb7 1-0

[Event "Early-Titled-Tuesday-Blitz-October-17-2023"]
[Site "Chess.com"]
[Date "2023.10.17"]
[Round "3"]
[White "pineapplepenn"]
[Black "Nf3c5"]
[Result "0-1"]
[WhiteElo "2422"]
[BlackElo "2603"]
[TimeControl "180+1"]
[EndTime "8:28:21 PDT"]
[Termination "Nf3c5 won on time"]

1. d4 Nf6 2. Bf4 g6 3. Nc3 d5 4. e3 Bg7 5. h4 h5 6. Nf3 O-O 7.
Ne5 c5 8. dxc5 Qa5 9. Qd4 Ng4 10. b4 Qa3 11. Nb5 Qa4 12. Nc3 Qxc2 13. Nd1 Bxe5 14.
Bxe5 Nc6 15. Qc3 Qa4 16. Bf4 e5 17. Bg3 d4 18. Qb3 Qxb4+ 19. Qxb4 Nxb4 20. Rb1 Nxa2 21.
Bc4 Nc3 22. Nxc3 dxc3 23. Rc1 Bd7 24. Rxc3 Rac8 25. Bd5 Bc6 26. e4 Rfd8 0-1

[Event "Early-Titled-Tuesday-Blitz-October-17-2023"]
[Site "Chess.com"]
[Date "2023.10.17"]
[Round "3"]
[White "Zaro1309"]
[Black "MerryPoppies"]
[Result "0-1"]
[WhiteElo "2357"]
[BlackElo "2136"]
[TimeControl "180+1"]
[EndTime "8:28:23 PDT"]
[Termination "MerryPoppies won by resignation"]

1. d4 d5 2. Bf4 Nf6 3. e3 c6 4.
Nf3 e6 5. c3 Bd6 6. Bg3 Ne4 7.
Nbd2 f5 8. Bxd6 Qxd6 9. Nxe4 fxe4 10. Ne5 O-O 11. Be2 Nd7 12. Nxd7 Bxd7 13. O-O e5 14. Qb3 b6 15. c4 exd4 16. exd4 Rf6 17. cxd5 cxd5 18.
Qg3 Qb4 19. Qe5 Be6 20. Bg4 Re8 21. Bxe6+ Rfxe6 22. Qxd5 Qxb2 23. Rac1 Kh8 24. Rc7 h6 25. Rxa7 e3 26. fxe3 Rxe3 27. Qd7 R3e7 28. Qxe7 Rxe7 29.
Rxe7 Qxd4+ 30. Kh1 Qc4 31. Kg1 Qc5+ 0-1

[Event "Early-Titled-Tuesday-Blitz-October-17-2023"]
[Site "Chess.com"]
[Date "2023.10.17"]
[Round "3"]
[White "RETURNOFTHELAGGER"]
[Black "slorovel"]
[Result "1-0"]
[WhiteElo "2674"]
[BlackElo "2462"]
[TimeControl "180+1"]
[EndTime "8:28:25 PDT"]
[Termination "RETURNOFTHELAGGER won by resignation"]

1. e4 c5 2. b3 e5 3. Bb2 Nc6 4. Bb5 d6 5. Bxc6+ bxc6 6. d3 g6 7. Ne2 Bg7 8. O-O Ne7 9. Nd2 O-O 10. Nc4 Qc7 11. f4 exf4 12. Bxg7 Kxg7 13. Nxf4 d5 14. Nd2 h5 15. Qf3 Bg4 16. Qg3 Kh7 17. Nxh5 Qxg3 18. Nxg3 Be6 19. Rae1 a5 20. a4 Rab8 21. h3 Nc8 22. Ne2 Nd6 23. Nf4 c4 24.
exd5 cxd5 25. Nxe6 fxe6 26. Rxe6 cxb3 27. Rxf8 bxc2 28.
Rf1 Nf5 29. Rc6 Nd4 30. Rc7+ Kh6 31. Kf2 Re8 32. Re1 Rf8+ 33. Ke3 Nf5+ 34. Kf4 Nd4+ 35. Ke5 Re8+ 36. Kxd4 Rxe1 37. Rxc2 1-0